 Dungeon Crawl Stone Soup version 0.32-a0-913-g739538afd8 (webtiles) character file.

Game seed: 7575364781370321744

289 GiantSquids the Chopper (level 6, 0/51 HPs)
             Began as a Mountain Dwarf Fighter on Apr 10, 2024.
             Slain by a gnoll
             ... wielding a +0 club
              (4 damage)
             ... on level 3 of the Dungeon.
             The game lasted 00:03:56 (1941 turns).

GiantSquids the Chopper (Mountain Dwarf Fighter)    Turns: 1941, Time: 00:03:56

Health: 0/51       AC:  8    Str: 21    XL:     6   Next: 9%
Magic:  6/6        EV:  8    Int:  8    God:
Gold:   88         SH:  4    Dex:  9    Spells: 5/5 levels left

rFire   . . .        a - +0 war axe
rCold   . . .        c - +0 buckler
rNeg    . . .        b - +0 scale mail
rPois   .            i - +0 helmet
rElec   .            (no cloak)
rCorr   .            (no gloves)
SInv    .            (no boots)
Will    .....        (no amulet) Stlth
                     (no ring)
HPRegen 0.28/turn    (no ring)
MPRegen 0.10/turn

%: no passive effects
@: mighty
A: runic magic, artefact enchanting
a: no special abilities


You were on level 3 of the Dungeon.
You visited 1 branch of the dungeon, and saw 3 of its levels.

You collected 88 gold pieces.

Inventory:

Hand Weapons
 a - a +0 war axe (weapon)
Missiles
 n - 29 stones (quivered)
 p - 3 silver javelins
Armour
 b - a +0 scale mail (worn)
 c - a +0 buckler (worn)
 i - a +0 helmet (worn)
Scrolls
 f - a scroll of enchant armour {unknown}
 h - a scroll of noise {unknown}
 k - 3 scrolls of teleportation {unknown}
 l - a scroll of fog {unknown}
 q - a scroll of enchant weapon {unknown}
Potions
 e - 2 potions of curing {unknown}
 g - a potion of haste {unknown}
 j - a potion of ambrosia {unknown}
 m - a potion of degeneration {unknown}
 o - a potion of brilliance {unknown}


   Skills:
 - Level 3.2 Fighting
 + Level 7.8 Axes
 - Level 3.2 Armour
 - Level 3.2 Shields


You had 5 spell levels left.
You didn't know any spells.
Your spell library contained the following spells:

 Spells                   Type           Power      Damage    Failure   Level
 Lesser Beckoning         Tloc           0%         N/A       71%         2
 Maxwell's Portable Pile  Tloc           0%         2d(5-13)  90%         3
 Teleport Other           Tloc           0%         N/A       90%         3


Dungeon Overview and Level Annotations

Branches:
Dungeon (3/15)

Altars:


Innate Abilities, Weirdness & Mutations

Your spellcasting is much less encumbered by armour.
You can use scrolls of enchantment on lesser artefacts.


Message History

You feel very mighty all of a sudden.
The gnoll hits you from afar with a +0 halberd.
* * * LOW HITPOINT WARNING * * *
A gnoll comes into view. It is wielding a +0 club.
The gnoll shouts!
The gnoll hits you with a +0 halberd.
* * * LOW HITPOINT WARNING * * *
You see here a +0 spear.
You completely miss the gnoll. The gnoll hits you but does no damage.
You hit the gnoll.
The gnoll is lightly wounded.
You block the gnoll's attack.
You closely miss the gnoll.
The gnoll is lightly wounded.
The gnoll hits you with a +0 halberd!
* * * LOW HITPOINT WARNING * * *
You slash the gnoll!
The gnoll is almost dead.
The gnoll closely misses you.
You slice the gnoll!!
You kill the gnoll!
You hit the gnoll.
The gnoll is moderately wounded.
The gnoll closely misses you.
You closely miss the gnoll.
The gnoll is moderately wounded.
You block the gnoll's attack. x2
You closely miss the gnoll.
The gnoll is moderately wounded.
The gnoll barely misses you.
You hit the gnoll.
The gnoll is heavily wounded.
The gnoll barely misses you.
You slash the gnoll!
You kill the gnoll!
You barely miss the gnoll. You block the gnoll's attack.
You hit the gnoll.
The gnoll is moderately wounded.
The gnoll hits you but does no damage. The gnoll hits you with a +0 club.
You die...

...##.# #.# #..##
#.##.#####.######...##
##...............#.#..###
#...#.#####.♣.....###....
#.......†..♣.♣###..#.#..#
#...#.####♣♣.♣ #.##.#.#..
##.##.# ♣..♣ #♣.####..#
#.##.####♣.♣♣ ♣♣..###.##
#....>g@.♣. ♣.♣..#..#
#.##.###.♣.♣♣♣♣.♣.....#
#>##.###.♣..♣♣..♣##.#.#
#...g..#.#♣.♣.♣♣♣ #.#.#
#.#..#.♣♣#♣)..♣ ##.#.#
#.#.g#♣.♣ ♣.∩.♣♣♣♣..#.##
#...g.♣...♣..)♣♣..♣.....
###..#♣♣.....†..♣♣♣...##
#..# ♣♣..ß_ß.♣♣ ###.##


You could see a gnoll.

Vanquished Creatures
  2 bombardier beetles (D:3)
  A hound (D:3)
  Natasha (thrice) (D:2)
  Robin (D:2)
  4 gnolls
  An adder (D:3)
  2 dart slugs
  A ribbon worm (D:2)
  6 endoplasms
  4 giant cockroaches
  15 goblins
  6 hobgoblins
  8 kobolds
  A ball python (D:1)
  3 bats (D:1)
  A frilled lizard (D:1)
  8 rats
67 creatures vanquished.

Notes
Turn   | Place    | Note
-------+----------+-------------------------------------------
     0 | D:1      | GiantSquids the Mountain Dwarf Fighter began the quest for
                  | the Orb.
     0 | D:1      | Reached XP level 1. HP: 19/19 MP: 1/1
   110 | D:1      | Found a large runed translucent door.
   110 | D:1      | Found a large runed translucent door.
   115 | D:1      | Reached skill level 3 in Axes
   123 | D:1      | Reached XP level 2. HP: 19/26 MP: 2/2
   133 | D:1      | Reached skill level 4 in Axes
   317 | D:1      | Reached XP level 3. HP: 16/31 MP: 3/3
   774 | D:2      | Noticed Natasha
   786 | D:2      | Killed Natasha
   787 | D:2      | Reached skill level 5 in Axes
   787 | D:2      | Reached XP level 4. HP: 7/38 MP: 4/4
   913 | D:2      | Noticed Natasha
   916 | D:2      | Noticed Robin
   918 | D:2      | Killed Natasha
   938 | D:2      | Killed Robin
   939 | D:2      | Reached skill level 6 in Axes
  1001 | D:2      | Noticed Natasha
  1023 | D:2      | Killed Natasha
  1024 | D:2      | Reached XP level 5. HP: 9/45 MP: 5/5
  1716 | D:3      | Found a faded altar of an unknown god.
  1796 | D:3      | Reached skill level 7 in Axes
  1928 | D:3      | Reached XP level 6. HP: 16/51 MP: 6/6
  1932 | D:3      | HP: 1/51 [gnoll/+0 halberd (11)]
  1941 | D:3      | Slain by a gnoll

Illustrated notes

Levels and vault maps discovered:
D:1:      erik_arrival_cave_to_civilisation [erik_arrival_cave_to_temple],
          layout_basic
D:2:      layout_basic, minmay_strange_pillars, uniq_natasha, uniq_robin
D:3:      layout_loops_ring, shapermc_ecumenical_altar_totnotflames

Skill      XL: |  1  2  3  4  5 |
---------------+----------------+-----
Axes           | 3 4 5 6 7 |  7.8
Fighting       | |  3.2
Armour         | |  3.2
Shields        | |  3.2

Action                     |  1- 3 |  4- 6 || total
---------------------------+-------+-------++-------
  Melee: War axe           |    72 |   111 ||   183
    Use: Potion            |       |     1 ||     1
 Armour: Scale mail        |    78 |    68 ||   146
  Dodge: Dodged            |    40 |    54 ||    94
  Block: Buckler           |    19 |    19 ||    38

Table legend: (Time is in decaauts)
 A = Elapsed time spent in this place.
 B = Non-inter-level travel time spent in this place.
 C = Inter-level travel time spent in this place.
 D = Time resting spent in this place.
 E = Time spent auto-exploring this place.
 F = Levels seen in this place.
 G = Mean time per level.
                   A        B        C        D        E       F      G
               +--------+--------+--------+--------+--------+-----+--------+
         Total |   1994 |   1976 |     18 |    118 |   1395 |   3 |  664.7 |
       Dungeon |   1994 |   1976 |     18 |    118 |   1395 |   3 |  664.7 |
               +--------+--------+--------+--------+--------+-----+--------+

Top non-repeatable levels by time:
     D:2: 876 daAuts
     D:1: 786 daAuts
     D:3: 330 daAuts
